Unix NetHack Version 5.0.0-0 post-release - last build Jun 10 2026 00:39:30 (3ee93aec679c4c4259841fe613dc97188e26a321,branch:main).

Game began 2026-06-18 04:59:44, ended 2026-06-18 05:47:41.

Enkindle23, neutral female gnomish Healer

          -----
         --...--
         |.....--    ----..
         |......---.|......-
         |.........^..-.-...---
        --.*............ .....|
        |.................[...|
        --.---.....-.--.....---
         ---  .......|-------
               ...----
         ---   ...|
      ---.`|  |..--     -----..|
      |....----..--   ---......---
      |...........|. -....|......-
|   ---................----   --.f'
|......<....---  --......|     |`@-
----........|     ---....|      ..'
   |.......--       --..--
   ---.|.---         ---
     -- --
Enkindle23 the Empiric       St:11 Dx:11 Co:14 In:9 Wi:17 Ch:16  Neutral
Dlvl:7  $:1715 HP:0(41) Pw:41(48) AC:-1 Xp:5 T:2111  Hungry  

Latest messages:
 You are being held, and cannot go down.
 The straw golem hits!
 The straw golem hits again!
 You cannot escape from the rope golem!
 The straw golem hits!
 The straw golem hits again!
 The rope golem hits!
 The rope golem misses!
 You are being choked.
 You are beginning to feel hungry.
 You hit the rope golem.
 The straw golem hits!
 The straw golem just misses!
 The rope golem misses!
 The rope golem misses!
 You are being choked.
 You hit the rope golem.
 The straw golem hits!
 The straw golem misses!
 The rope golem hits!
 The rope golem hits again!
 You are being choked.
 You hit the rope golem.
 The straw golem misses!
 The straw golem hits!
 The rope golem misses!
 The rope golem hits!
 You are being choked.
 You hit the rope golem.
 The straw golem misses!
 The straw golem hits!
 The rope golem misses!
 The rope golem misses!
 You are being choked.
 You hit the rope golem.
 The straw golem hits!
 The straw golem hits again!
 You fail to cast the spell correctly.
 Sokka bites the straw golem.
 The straw golem misses Sokka.
 The straw golem misses Sokka.
 The straw golem hits!
 The straw golem misses!
 The rope golem hits!
 You die...
 Do you want your possessions identified? [ynq] (y) y
 Do you want to see your attributes? [ynq] (y) y
 Do you want an account of creatures vanquished? [ynaq] (y) y
 Do you want to see your conduct and achievements? [ynq] (y) y
 Do you want to see the dungeon overview? [ynq] (y) y

Inventory:
 Coins    ('$')
  $ - 1715 gold pieces
 Weapons  (')')
  w - 12 +0 darts (at the ready)
  a - a +0 scalpel (weapon in right hand)
 Armor    ('[')
  t - a blessed rusty +1 orcish helm (being worn)
  b - an uncursed +1 pair of leather gloves (being worn)
  f - an uncursed +0 pair of iron shoes (being worn)
  h - an uncursed +0 dwarvish cloak (being worn)
  R - an uncursed +1 elven mithril-coat (being worn)
 Comestibles  ('%')
  k - 4 uncursed apples
  H - 3 uncursed tripe rations
 Potions  ('!')
  j - an uncursed potion of levitation
 Rings    ('=')
  p - an uncursed ring of polymorph control (on left hand)
 Wands    ('/')
  i - a wand of digging (0:7)
  r - a wand of digging (0:4)
  N - a wand of light (0:12)
  g - a wand of sleep (0:5)
 Tools    ('(')
  U - an uncursed leash
  o - an uncursed lock pick
  Q - an uncursed oil lamp
  X - an uncursed oil lamp
  W - a +0 pick-axe
  c - an uncursed stethoscope
  P - an uncursed tallow candle
  Y - an uncursed tin whistle
  Z - an uncursed towel
 Gems/Stones  ('*')
  u - 2 uncursed amber stones
  D - an uncursed obsidian stone
  l - an uncursed worthless piece of black glass
  z - 2 uncursed worthless pieces of blue glass

Enkindle23 the Healer's attributes:

Background:
 You were an Empiric, a level 5 female gnomish Healer.
 You were neutral, on a mission for Hermes
 who was opposed by Athena (lawful) and Poseidon (chaotic).
 You were right-handed.
 You were in the Gnomish Mines, on level 7.
 You entered the dungeon 2111 turns ago.
 It was nighttime.
 You had 230 experience points, 90 more were needed to attain level 6.

Basics:
 You had 0 out of 41 hit points.
 You had 41 out of 48 energy points (spell power).
 Your armor class was -1.
 Your wallet contained 1715 zorkmids.
 Autopickup was off.

Final Characteristics:
 Your strength was 11 (limit:18/50).
 Your dexterity was 11 (limit:18).
 Your constitution was 14 (limit:18).
 Your intelligence was 9 (limit:19).
 Your wisdom was 17 (limit:18).
 Your charisma was 16 (limit:18).

Final Status:
 You were held by a rope golem (southeast).
 You were hungry.
 You were unencumbered.
 You were wielding a knife.
 You were skilled in knife.

Final Attributes:
 You were fervently aligned.
 Your items were somewhat protected from fire.
 Your items were somewhat protected from cold.
 You were poison resistant.
 You had infravision.
 You were guarded.
 Your spell casting was impaired by metallic armor.
 You had polymorph control.
 You are dead.

Miscellaneous:
 You didn't encounter any bones levels.
 Total elapsed playing time was 47 minutes and 57 seconds.

Major events:
 Turn
    1: Enkindle23 the neutral female gnomish Healer entered the dungeon
   46: attained the rank of Empiric (level 3)
  276: entered the Gnomish Mines
  740: reached Mine Town
 2111: killed by a rope golem

Spells:
 Name                 Level Category     Fail Retention
 healing                1   healing       86%   81%-90%
 extra healing          3   healing       92%   81%-90%
 stone to flesh         3   healing      100%   81%-90%
 light                  1   divination   100%  76%-100%

Skills:
 Fighting Skills
   bare handed combat [Unskilled]
 Weapon Skills
   dagger             [Unskilled]
   knife              [Skilled]
   short sword        [Unskilled]
   saber              [Unskilled]
   club               [Unskilled]
   mace               [Unskilled]
   quarterstaff       [Unskilled]
   polearms           [Unskilled]
   spear              [Unskilled]
   trident            [Unskilled]
   sling              [Unskilled]
   dart               [Unskilled]
   shuriken           [Unskilled]
   unicorn horn       [Unskilled]
 Spellcasting Skills
   healing spells     [Basic]

Voluntary challenges:
 Character rerolling was not enabled.
 You never genocided any monsters.
 You never polymorphed an object.
 You never changed form.
 You used no wishes.
Achievements:
 You attained the rank of Empiric.
 You entered the Gnomish Mines.
 You entered Minetown.
 You entered a shop.
 You entered a temple.

 The Dungeons of Doom: levels 1 to 2
    Level 1:
    Level 2:
       Stairs down to The Gnomish Mines.
 The Gnomish Mines: levels 3 to 8
    Level 3:
    Level 4:
    Level 5:
       Many shops, a temple and an altar, some fountains.
    Level 6:
    Level 7: <- You were here.
       Final resting place for
          you, killed by a rope golem.
    Level 8:


Vanquished creatures:
  3 small mimics
  a dust vortex
  3 human zombies
 an orc shaman
  2 yellow lights
  a violet fungus
  3 gray oozes
  a giant ant
  3 dwarves
  a rothe
  a monkey
  2 orc zombies
 an iguana
  3 acid blobs
  a large kobold
  2 giant rats
  9 gnomes
  2 garter snakes
  a gnome zombie
  a gecko
  a jackal
  3 kobolds
  2 goblins
  4 sewer rats
  2 grid bugs
  a bat
  a lichen
  2 newts
58 creatures vanquished.

No species were genocided or became extinct.

Game over:
                       ----------
                      /          \
                     /    REST    \
                    /      IN      \
                   /     PEACE      \
                  /                  \
                  |    Enkindle23    |
                  |     1715 Au      |
                  | killed by a rope |
                  |      golem       |
                  |                  |
                  |                  |
                  |       2026       |
                 *|     *  *  *      | *
        _________)/\\_//(\/(/\)/\//\/|_)_______

Goodbye Enkindle23 the Healer...

You died in The Gnomish Mines on dungeon level 7 with 1280 points,
and 1715 pieces of gold, after 2111 moves.
You were level 5 with a maximum of 41 hit points when you died.

